[Event "DVM U20 2019"]
[Site "Braunschweig"]
[Date "2019.12.29"]
[Round "6"]
[White "Elier, Ali"]
[Black "Roehr, Tobias"]
[Result "0-1"]
[ECO "B21"]
[WhiteElo "2032"]
[BlackElo "2103"]
[Annotator "NA"]
[PlyCount "53"]
[EventDate "2019.12.27"]
[EventType "team-tourn"]
[EventRounds "7"]
[EventCountry "GER"]
[SourceTitle "playchess.com"]
[Source "ChessBase"]
[SourceQuality "1"]
[WhiteTeam "SF Brackel"]
[BlackTeam "SG Aufbau Elbe Magdeburg"]
[TimeControl "40/5400+30:1800+30"]

1. e4 c5 2. d4 cxd4 3. c3 Nf6 4. e5 Nd5 5. Nf3 Nc6 6. Bc4 e6 7. cxd4 d6 8. O-O Be7 9. a3 O-O 10. Qe2 b6 11. Bd3 Qc7 12. Qe4 f5 13. exf6 Nxf6 14. Qh4 d5 15. Bg5 h6 16. Bf4 Qb7 17. Be5 Nd7 18. Qg4 Ndxe5 19. dxe5 Bg5 20. Nxg5 Nxe5 21. Bh7+ Kh8 22. Qh5 Qe7 23. Nh3 Nf3+ 24. gxf3 Kxh7 25. Re1 e5 26. Rxe5 Qf6 27. f4 {[%emt 0:04:08] normal} 0-1

[Event "DVM U20 2019"]
[Site "Braunschweig"]
[Date "2019.12.29"]
[Round "6"]
[White "Wu, Leon"]
[Black "Verfuerth, Kevin"]
[Result "1-0"]
[ECO "B77"]
[WhiteElo "2019"]
[BlackElo "2038"]
[Annotator "NA"]
[PlyCount "119"]
[EventDate "2019.12.27"]
[EventType "team-tourn"]
[EventRounds "7"]
[EventCountry "GER"]
[SourceTitle "playchess.com"]
[Source "ChessBase"]
[SourceQuality "1"]
[WhiteTeam "OSG Baden-Baden"]
[BlackTeam "SK Turm Kleve"]
[TimeControl "40/5400+30:1800+30"]

1. e4 c5 2. Nf3 d6 3. d4 cxd4 4. Nxd4 Nf6 5. Nc3 g6 6. Be3 Bg7 7. f3 O-O 8. Bc4 Nc6 9. Qd2 Bd7 10. Bb3 Qa5 11. g4 Nxd4 12. Bxd4 Rfc8 13. h4 h5 14. gxh5 Nxh5 15. O-O-O Bxd4 16. Qxd4 Ng3 17. Rh2 Nh5 18. Rg1 e6 19. Qxd6 Qc7 20. Qd2 Qf4 21. Qxf4 Nxf4 22. h5 Rc5 23. hxg6 fxg6 24. Ne2 Nxe2+ 25. Rxe2 Kf7 26. Rd2 Bc6 27. Rh1 Rh5 28. Rxh5 gxh5 29. Rh2 Rh8 30. Kd2 Kf6 31. Ke3 e5 32. Bd5 Bxd5 33. exd5 h4 34. Rh3 Kf5 35. c4 a5 36. b3 b6 37. a3 Rh7 38. b4 axb4 39. axb4 Rh8 40. Kd3 Ra8 41. c5 bxc5 42. bxc5 Ra4 43. c6 Rd4+ 44. Kc3 Rxd5 45. Rxh4 Ke6 46. Rc4 Rd8 47. c7 Rc8 48. Kd3 Kd6 49. Ke4 Ke6 50. Rc6+ Kd7 51. Kd5 e4 52. fxe4 Ke7 53. Ke5 Kd7 54. Rc3 Ke7 55. Rc2 Kd7 56. Kf6 Rf8+ 57. Kg7 Rc8 58. Kf7 Kd6 59. Rc1 Kd7 60. e5 {[%emt 0:00:00] normal} 1-0

[Event "DVM U20 2019"]
[Site "Braunschweig"]
[Date "2019.12.29"]
[Round "6"]
[White "Seref, Erdogan"]
[Black "von Angern, Cedric"]
[Result "1/2-1/2"]
[ECO "A05"]
[WhiteElo "2003"]
[BlackElo "1867"]
[Annotator "NA"]
[PlyCount "98"]
[EventDate "2019.12.27"]
[EventType "team-tourn"]
[EventRounds "7"]
[EventCountry "GER"]
[SourceTitle "playchess.com"]
[Source "ChessBase"]
[SourceQuality "1"]
[WhiteTeam "SF Brackel"]
[BlackTeam "SG Aufbau Elbe Magdeburg"]
[TimeControl "40/5400+30:1800+30"]

1. Nf3 Nf6 2. c4 g6 3. g3 Bg7 4. Bg2 c5 5. O-O O-O 6. Nc3 Nc6 7. a3 a6 8. b4 cxb4 9. axb4 Nxb4 10. d4 d6 11. Qb3 Nc6 12. e4 Qc7 13. c5 dxc5 14. e5 Nh5 15. Nd5 Qd8 16. Rd1 cxd4 17. Nxd4 Nxd4 18. Rxd4 Bxe5 19. Nf6+ Nxf6 20. Rxd8 Rxd8 21. Bb2 Bxb2 22. Qxb2 Rb8 23. Qa3 Kf8 24. Rc1 Be6 25. Bf3 Nd5 26. Qb2 Kg8 27. Qe5 Rd6 28. h4 f6 29. Qxe6+ Rxe6 30. Bxd5 b5 31. Bxe6+ Kf8 32. Rc8+ Rxc8 33. Bxc8 a5 34. Bd7 b4 35. Ba4 e5 36. Kf1 Ke7 37. Ke2 Kd6 38. Kd3 Kd5 39. Bb3+ Kc5 40. Ke4 Kb5 41. Kd5 a4 42. Bc4+ Ka5 43. Kc5 b3 44. h5 gxh5 45. Be6 f5 46. Kc4 f4 47. gxf4 exf4 48. Bd7 h4 49. Kc3 {[%emt 0:01:07] normal} f3 {[%emt 0:04:42] normal} 1/2-1/2

[Event "DVM U20 2019"]
[Site "Braunschweig"]
[Date "2019.12.29"]
[Round "6"]
[White "Wagner, Benjamin"]
[Black "Kracht, Raphael"]
[Result "1-0"]
[ECO "C60"]
[WhiteElo "1994"]
[BlackElo "2031"]
[Annotator "NA"]
[PlyCount "44"]
[EventDate "2019.12.27"]
[EventType "team-tourn"]
[EventRounds "7"]
[EventCountry "GER"]
[SourceTitle "playchess.com"]
[Source "ChessBase"]
[SourceQuality "1"]
[WhiteTeam "SG Aufbau Elbe Magdeburg"]
[BlackTeam "SF Brackel"]
[TimeControl "40/5400+30:1800+30"]

1. e4 e5 2. Nf3 Nc6 3. Bb5 Nge7 4. Nc3 g6 5. d4 exd4 6. Nd5 Bg7 7. Bg5 h6 8. Bf6 Bxf6 9. Nxf6+ Kf8 10. Qd2 d6 11. O-O-O a6 12. Bxc6 Nxc6 13. Nd5 Kg7 14. Nxd4 Nxd4 15. Qxd4+ f6 16. h4 h5 17. f3 Be6 18. g4 hxg4 19. fxg4 Bxg4 20. Rdf1 Rf8 21. Rhg1 Bh5 22. Nf4 Kh6 {[%emt 0:05:03] normal} 1-0

[Event "DVM U20 2019"]
[Site "Braunschweig"]
[Date "2019.12.29"]
[Round "6"]
[White "Brunner, Wilken"]
[Black "Weisheit, Erik"]
[Result "1-0"]
[ECO "E70"]
[WhiteElo "1978"]
[BlackElo "1944"]
[Annotator "NA"]
[PlyCount "51"]
[EventDate "2019.12.27"]
[EventType "team-tourn"]
[EventRounds "7"]
[EventCountry "GER"]
[SourceTitle "playchess.com"]
[Source "ChessBase"]
[SourceQuality "1"]
[WhiteTeam "Karlsruher SF"]
[BlackTeam "SF Augsburg"]
[TimeControl "40/5400+30:1800+30"]

1. d4 Nf6 2. c4 g6 3. Nc3 Bg7 4. e4 d6 5. Nge2 O-O 6. Ng3 c5 7. d5 Na6 8. f3 Nc7 9. Be3 a6 10. Qd2 Re8 11. Be2 Rb8 12. h4 h5 13. e5 Nd7 14. exd6 exd6 15. Bg5 f6 16. Bh6 Ne5 17. O-O b5 18. Bxg7 Kxg7 19. f4 Nxc4 20. Bxc4 bxc4 21. f5 Re5 22. fxg6 Qe8 23. Rae1 Qxg6 {normal} 24. Rxe5 fxe5 {normal} 25. Nce4 {normal} Ne8 26. Qf2 {normal} 1-0

[Event "DVM U20 2019"]
[Site "Braunschweig"]
[Date "2019.12.29"]
[Round "6"]
[White "Brockmeyer, Tobias"]
[Black "Mundt, Alexandra"]
[Result "1-0"]
[ECO "D35"]
[WhiteElo "1902"]
[BlackElo "1775"]
[Annotator "NA"]
[PlyCount "49"]
[EventDate "2019.12.27"]
[EventType "team-tourn"]
[EventRounds "7"]
[EventCountry "GER"]
[SourceTitle "playchess.com"]
[Source "ChessBase"]
[SourceQuality "1"]
[WhiteTeam "SK Lehrte 1919"]
[BlackTeam "Lübecker SV"]
[TimeControl "40/5400+30:1800+30"]

1. d4 Nf6 2. c4 e6 3. Nc3 d5 4. cxd5 Nxd5 5. e4 Nb6 6. Nf3 Be7 7. Be3 N8d7 8. Be2 Nf6 9. O-O O-O 10. h3 Bd7 11. Qd2 Bb4 12. Bd3 Bc6 13. Qc2 h6 14. Rfe1 Qd7 15. Rac1 a6 16. Ne5 Qe8 17. g4 Nfd7 18. Nxc6 bxc6 19. g5 hxg5 20. Bxg5 e5 21. Be3 Qe6 22. Kg2 Qg6+ 23. Kh1 Qh5 24. Bf1 Rae8 25. Qe2 {[%emt 0:05:06] normal} 1-0

[Event "DVM U20 2019"]
[Site "Braunschweig"]
[Date "2019.12.29"]
[Round "6"]
[White "Rauch, Sören"]
[Black "Richter, Philipp"]
[Result "0-1"]
[ECO "A46"]
[WhiteElo "1901"]
[BlackElo "2084"]
[Annotator "NA"]
[PlyCount "74"]
[EventDate "2019.12.27"]
[EventType "team-tourn"]
[EventRounds "7"]
[EventCountry "GER"]
[SourceTitle "playchess.com"]
[Source "ChessBase"]
[SourceQuality "1"]
[WhiteTeam "SG Trier"]
[BlackTeam "USV TU Dresden"]
[TimeControl "40/5400+30:1800+30"]

1. d4 Nf6 2. Nf3 c5 3. c3 d5 4. Bf4 Nc6 5. e3 Qb6 6. Qb3 c4 7. Qxb6 axb6 8. Nbd2 b5 9. Be2 b4 10. O-O Bf5 11. Ne5 bxc3 12. bxc3 Nxe5 13. dxe5 Ne4 14. Nxe4 Bxe4 15. a4 Ra5 16. Bf3 Bd3 17. Rfd1 e6 18. Rd2 Kd7 19. Rb2 Kc6 20. Rb5 Ra6 21. Bd1 Bc5 22. h4 h5 23. Ra2 Bg6 24. Kf1 f6 25. Ke2 Rha8 26. Kd2 Be8 27. Kc1 b6 28. Rb1 Kb7 29. Rba1 b5 30. exf6 gxf6 31. g4 e5 32. Bg3 hxg4 33. Bxg4 bxa4 34. Rd2 Rd8 35. h5 a3 36. Be2 Kc7 37. e4 Bf7 {normal} 0-1

[Event "DVM U20 2019"]
[Site "Braunschweig"]
[Date "2019.12.29"]
[Round "6"]
[White "Vuckovic, Robert"]
[Black "Wiesner, Alexander"]
[Result "0-1"]
[ECO "B23"]
[WhiteElo "1897"]
[BlackElo "1960"]
[Annotator "NA"]
[PlyCount "78"]
[EventDate "2019.12.27"]
[EventType "team-tourn"]
[EventRounds "7"]
[EventCountry "GER"]
[SourceTitle "playchess.com"]
[Source "ChessBase"]
[SourceQuality "1"]
[WhiteTeam "SF Augsburg"]
[BlackTeam "Karlsruher SF"]
[TimeControl "40/5400+30:1800+30"]

1. e4 c5 2. Nc3 g6 3. g3 Bg7 4. d3 Nc6 5. Be3 b6 6. Bg2 Bb7 7. Qd2 d6 8. f4 e6 9. Nf3 Nge7 10. O-O d5 11. Bf2 dxe4 12. Nxe4 Bxb2 13. Rab1 Bg7 14. Nxc5 Bc8 15. Ne4 O-O 16. h3 Qc7 17. Rfe1 Bb7 18. g4 Nd5 19. g5 Qxf4 20. Qe2 Nc3 21. Nxc3 Bxc3 22. Rf1 Ne7 23. Be3 Qg3 24. Rb3 Be5 25. d4 Bf4 26. Bxf4 Qxf4 27. c3 Qg3 28. Rf2 Bxf3 29. Rxf3 Qxg5 30. Rb5 Qh4 31. Re5 Rac8 32. Re4 Qg5 33. Qe1 Nf5 34. h4 Qd8 35. Rg4 h5 36. Rg5 Kh7 37. Bh3 Qc7 38. Bxf5 exf5 39. Qd2 f4 {[%emt 0:02:00] normal} 0-1

[Event "DVM U20 2019"]
[Site "Braunschweig"]
[Date "2019.12.29"]
[Round "6"]
[White "Fuhrmann, Aeke"]
[Black "Doepper, Anna Berenice"]
[Result "1-0"]
[ECO "A20"]
[WhiteElo "1879"]
[BlackElo "1855"]
[Annotator "NA"]
[PlyCount "105"]
[EventDate "2019.12.27"]
[EventType "team-tourn"]
[EventRounds "7"]
[EventCountry "GER"]
[SourceTitle "playchess.com"]
[Source "ChessBase"]
[SourceQuality "1"]
[WhiteTeam "Hamburger SK"]
[BlackTeam "SF Essen-Katernberg"]
[TimeControl "40/5400+30:1800+30"]

1. c4 e5 2. g3 Nf6 3. Bg2 c6 4. d4 exd4 5. Qxd4 d5 6. cxd5 cxd5 7. Nf3 Nc6 8. Qa4 Be7 9. O-O O-O 10. Be3 Be6 11. Nd4 Qd7 12. Nxe6 fxe6 13. Nc3 Rad8 14. Rad1 a6 15. Bb6 Rc8 16. e4 Ne5 17. exd5 Qxa4 18. Nxa4 exd5 19. Bxd5+ Nxd5 20. Rxd5 Nc6 21. Rd7 Rb8 22. Bc5 Bxc5 23. Nxc5 Ne5 24. Rd5 Rf5 25. Kg2 Rbf8 26. Nxb7 Nc4 27. Rxf5 Rxf5 28. b3 Nd2 29. Re1 Rd5 30. Rd1 Kf7 31. Nc5 Rxc5 32. Rxd2 Rc6 33. Rd5 Re6 34. g4 h6 35. Kg3 g5 36. h3 Kg6 37. Ra5 Rd6 38. f3 Rc6 39. b4 Rb6 40. a3 Rd6 41. a4 Kg7 42. h4 Kg6 43. b5 axb5 44. axb5 Rd5 45. Ra6+ Kg7 46. b6 Rb5 47. Ra7+ Kg6 48. Rb7 Rb3 49. hxg5 hxg5 50. Rb8 {[%emt 0:00:04] normal} Kg7 51. b7 Rb2 {[%emt 0:00:16] normal} 52. Kh3 {normal} Kf7 53. Rh8 {[%emt 0:01:53] normal} 1-0

[Event "DVM U20 2019"]
[Site "Braunschweig"]
[Date "2019.12.29"]
[Round "6"]
[White "Freiherr von Hauff, Christopher"]
[Black "Keller, Yannik"]
[Result "0-1"]
[ECO "C58"]
[WhiteElo "1868"]
[BlackElo "2020"]
[Annotator "NA"]
[PlyCount "122"]
[EventDate "2019.12.27"]
[EventType "team-tourn"]
[EventRounds "7"]
[EventCountry "GER"]
[SourceTitle "playchess.com"]
[Source "ChessBase"]
[SourceQuality "1"]
[WhiteTeam "SK Bebenhausen"]
[BlackTeam "Sges Bensheim"]
[TimeControl "40/5400+30:1800+30"]

1. e4 e5 2. Nf3 Nc6 3. Bc4 Nf6 4. Ng5 d5 5. exd5 Na5 6. d3 Nxc4 7. dxc4 h6 8. Nf3 Bd6 9. Nc3 O-O 10. h3 Bf5 11. Be3 Qe7 12. Qe2 c6 13. g4 Bh7 14. g5 hxg5 15. Bxg5 e4 16. Nd2 Qe5 17. Bxf6 Qxf6 18. O-O-O Rfe8 19. Kb1 Rac8 20. Rhg1 Qe5 21. Nb3 Bb4 22. Rg3 cxd5 23. Nxd5 Bf8 24. Rdg1 b5 25. Rg5 f5 26. Ne3 bxc4 27. Nxc4 Qb5 28. Nbd2 Rc7 29. Qh5 Re6 30. Ne3 Qc6 31. Nb3 Rh6 32. Qe2 Rf7 33. Nd4 Qc5 34. c3 Be7 35. R5g2 Rb6 36. Qh5 Qxc3 37. Nb3 Qe5 38. Nc4 Qf6 39. Nxb6 Qxb6 40. Rc1 Rf8 41. Qd1 Bf6 42. Qd5+ Kh8 43. Rc6 Qb7 44. Rd6 Qb4 45. Rg1 f4 46. Qc5 Qb8 47. Rd7 Re8 48. Ka1 e3 49. fxe3 fxe3 50. Re1 Qg3 51. Rdd1 Qf2 52. Rb1 Bxb2+ 53. Rxb2 Qxe1+ 54. Qc1 Qg3 55. Nd4 Qxh3 56. Re2 Qg4 57. Qc3 Rd8 58. Rxe3 Qxd4 59. Re8+ Bg8 60. Qxd4 Rxd4 {[%emt 0:00:07] normal} 61. Kb2 Rd2+ {[%emt 0:00:07] normal} 0-1

[Event "DVM U20 2019"]
[Site "Braunschweig"]
[Date "2019.12.29"]
[Round "6"]
[White "Schamschurko, Andre"]
[Black "Düro, Liam"]
[Result "1-0"]
[ECO "B12"]
[WhiteElo "1868"]
[BlackElo "1841"]
[Annotator "NA"]
[PlyCount "44"]
[EventDate "2019.12.27"]
[EventType "team-tourn"]
[EventRounds "7"]
[EventCountry "GER"]
[SourceTitle "playchess.com"]
[Source "ChessBase"]
[SourceQuality "1"]
[WhiteTeam "USV TU Dresden"]
[BlackTeam "SG Trier"]
[TimeControl "40/5400+30:1800+30"]

1. e4 c6 2. d4 d5 3. f3 dxe4 4. fxe4 e5 5. Nf3 exd4 6. Bc4 Nf6 7. O-O Be7 8. Ng5 O-O 9. Nxf7 Qb6 10. Ng5+ Kh8 11. e5 d3+ 12. Kh1 Nfd7 13. Rxf8+ Nxf8 14. Nf7+ Kg8 15. Qxd3 Be6 16. Bxe6 Nxe6 17. Nd6 Qf2 18. Bd2 Bxd6 19. exd6 Nd7 20. Nc3 Ne5 21. Qe4 Rf8 22. Ne2 Nd4 {[%emt 0:06:08] normal} 1-0

[Event "DVM U20 2019"]
[Site "Braunschweig"]
[Date "2019.12.29"]
[Round "6"]
[White "Hennemann, Florian"]
[Black "Grimm, Ling Leander"]
[Result "1-0"]
[ECO "B35"]
[WhiteElo "1865"]
[BlackElo "1777"]
[Annotator "NA"]
[PlyCount "93"]
[EventDate "2019.12.27"]
[EventType "team-tourn"]
[EventRounds "7"]
[EventCountry "GER"]
[SourceTitle "playchess.com"]
[Source "ChessBase"]
[SourceQuality "1"]
[WhiteTeam "Sges Bensheim"]
[BlackTeam "SK Bebenhausen"]
[TimeControl "40/5400+30:1800+30"]

1. e4 c5 2. Nf3 Nc6 3. d4 cxd4 4. Nxd4 g6 5. Be3 Nf6 6. Nc3 Bg7 7. Bc4 O-O 8. Bb3 a5 9. f3 d5 10. Bxd5 Nxd5 11. exd5 Nb4 12. Nde2 Bf5 13. Rc1 b5 14. a3 Nxc2+ 15. Rxc2 Bxc2 16. Qxc2 b4 17. Nb5 Rc8 18. Qd2 Qd7 19. a4 Qf5 20. O-O Rfd8 21. d6 Be5 22. Ned4 Qh5 23. g4 Qh3 24. dxe7 Re8 25. Bg5 f6 26. Bf4 Rxe7 27. Bxe5 Rxe5 28. Nc6 Rxc6 29. Qd8+ Kg7 30. Qd7+ Kh6 31. Qxc6 Re2 32. Qc1+ g5 33. Rf2 Rxf2 34. Kxf2 Qxh2+ 35. Ke1 Qh1+ 36. Kd2 Qxf3 37. Qg1 Qf4+ 38. Kd3 Qf3+ 39. Kd4 Qb3 40. Kc5 Qxb2 41. Nd4 Qc3+ 42. Kb5 Qd3+ 43. Kxa5 b3 44. Qh2+ Kg6 45. Qh5+ Kg7 46. Ne6+ Kg8 47. Qe8# {[%emt 0:00:00] normal Kf8} 1-0

[Event "DVM U20 2019"]
[Site "Braunschweig"]
[Date "2019.12.29"]
[Round "6"]
[White "Liess, Alexander"]
[Black "Spaeth, Rene"]
[Result "1-0"]
[ECO "D30"]
[WhiteElo "1852"]
[BlackElo "1584"]
[Annotator "NA"]
[PlyCount "67"]
[EventDate "2019.12.27"]
[EventType "team-tourn"]
[EventRounds "7"]
[EventCountry "GER"]
[SourceTitle "playchess.com"]
[Source "ChessBase"]
[SourceQuality "1"]
[WhiteTeam "SC Bavaria Regensburg"]
[BlackTeam "SF HN-Biberach"]
[TimeControl "40/5400+30:1800+30"]

1. d4 d5 2. c4 e6 3. Nf3 Nf6 4. g3 Nbd7 5. Bg2 c6 6. b3 Bd6 7. Bb2 O-O 8. Nc3 dxc4 9. bxc4 e5 10. d5 cxd5 11. cxd5 Re8 12. O-O Nb6 13. e4 Bg4 14. Qb3 Rc8 15. Nd2 Qd7 16. a4 Qd8 17. Nb5 a6 18. Nxd6 Qxd6 19. h3 Bh5 20. Ba3 Qd8 21. Rfc1 Nbd7 22. Qxb7 Rb8 23. Qc7 Qxc7 24. Rxc7 Nb6 25. a5 Na4 26. Nc4 Rec8 27. Rxc8+ Rxc8 28. Nxe5 Nc3 29. f3 Ne2+ 30. Kf2 Rc2 31. Ke3 Nxg3 32. Rc1 {[%emt 0:00:21] normal} Re2+ {[%emt 0:01:36] normal} 33. Kf4 {[%emt 0:01:53] normal} Rxe4+ 34. fxe4 {[%emt 0:00:40] normal} 1-0

[Event "DVM U20 2019"]
[Site "Braunschweig"]
[Date "2019.12.29"]
[Round "6"]
[White "Klenk, Sofie"]
[Black "Kokschenev, Michael"]
[Result "1-0"]
[ECO "B12"]
[WhiteElo "1812"]
[BlackElo "1552"]
[Annotator "NA"]
[PlyCount "49"]
[EventDate "2019.12.27"]
[EventType "team-tourn"]
[EventRounds "7"]
[EventCountry "GER"]
[SourceTitle "playchess.com"]
[Source "ChessBase"]
[SourceQuality "1"]
[WhiteTeam "SF Augsburg"]
[BlackTeam "Karlsruher SF"]
[TimeControl "40/5400+30:1800+30"]

1. e4 c6 2. d4 d5 3. e5 Bf5 4. h4 h6 5. g4 Be4 6. f3 Bg6 7. e6 fxe6 8. Bd3 Bf7 9. h5 Nd7 10. f4 Qc7 11. Nf3 O-O-O 12. Bg6 Bxg6 13. hxg6 Ngf6 14. Ne5 Nxe5 15. fxe5 Nd7 16. Be3 c5 17. c3 cxd4 18. cxd4 Nxe5 19. dxe5 Qxe5 20. Qd4 Qxd4 21. Bxd4 b6 22. Be5 Kb7 23. Na3 d4 24. Kd2 Rd5 25. Rh5 {[%emt 0:00:00] normal} 1-0

[Event "DVM U20 2019"]
[Site "Braunschweig"]
[Date "2019.12.29"]
[Round "6"]
[White "Gallas, Noel"]
[Black "Meyling, Lennart"]
[Result "1-0"]
[ECO "B06"]
[WhiteElo "1785"]
[BlackElo "1955"]
[Annotator "NA"]
[PlyCount "132"]
[EventDate "2019.12.27"]
[EventType "team-tourn"]
[EventRounds "7"]
[EventCountry "GER"]
[SourceTitle "playchess.com"]
[Source "ChessBase"]
[SourceQuality "1"]
[WhiteTeam "SF Essen-Katernberg"]
[BlackTeam "Hamburger SK"]
[TimeControl "40/5400+30:1800+30"]

1. e4 g6 2. d4 Bg7 3. Nf3 d6 4. Bc4 a6 5. O-O b5 6. Bb3 Bb7 7. Qe2 e6 8. Nbd2 Nd7 9. c3 h6 10. Bc2 e5 11. dxe5 dxe5 12. Ne1 Ne7 13. Nd3 O-O 14. Nb3 Qc8 15. Ndc5 Nxc5 16. Nxc5 Bc6 17. f4 exf4 18. Bxf4 b4 19. Bd2 bxc3 20. Bxc3 Bb5 21. Bd3 Bxc3 22. bxc3 Bxd3 23. Qxd3 Nc6 24. Qd5 Ne7 25. Qd4 Nc6 26. Qd5 Ne7 27. Qd4 Nc6 28. Qf6 Qe8 29. Rad1 Rd8 30. Rxd8 Nxd8 31. Qxa6 Qe7 32. Qc4 Nc6 33. Qd5 Ne5 34. Rd1 Ng4 35. Qd4 Re8 36. Nd7 Qxe4 37. Qxe4 Rxe4 38. h3 Ne3 39. Nf6+ Kg7 40. Nxe4 Nxd1 41. a4 Nb2 42. a5 Nc4 43. a6 Nb6 44. Kf2 f5 45. Nc5 Kf7 46. Ke3 Ke7 47. Kd4 Kd6 48. c4 g5 49. Nb7+ Kd7 50. c5 Nc8 51. Na5 f4 52. Ke5 Na7 53. Kf6 c6 54. Kf5 Ke7 55. Ke5 Kf7 56. Kd6 h5 57. Nxc6 g4 58. hxg4 hxg4 59. Ne5+ Kf6 60. Nxg4+ Kg5 61. Ne5 Kf5 62. c6 Nb5+ 63. Kc5 Nc7 64. Kb6 Nd5+ 65. Kb7 Kxe5 66. a7 Ne3 {[%emt 0:00:12] normal} 1-0

[Event "DVM U20 2019"]
[Site "Braunschweig"]
[Date "2019.12.29"]
[Round "6"]
[White "Hoenselaar, Dennis"]
[Black "Jurga, Jonas Vincent"]
[Result "0-1"]
[ECO "A20"]
[WhiteElo "1769"]
[BlackElo "1896"]
[Annotator "NA"]
[PlyCount "82"]
[EventDate "2019.12.27"]
[EventType "team-tourn"]
[EventRounds "7"]
[EventCountry "GER"]
[SourceTitle "playchess.com"]
[Source "ChessBase"]
[SourceQuality "1"]
[WhiteTeam "SK Turm Kleve"]
[BlackTeam "OSG Baden-Baden"]
[TimeControl "40/5400+30:1800+30"]

1. c4 e5 2. g3 f5 3. Bg2 Nf6 4. Nc3 Be7 5. d3 O-O 6. e3 d6 7. Nge2 c6 8. O-O Be6 9. b3 Nbd7 10. f4 Qc7 11. h3 Rad8 12. Ba3 Nb6 13. Qc2 Rfe8 14. Rfd1 d5 15. Bb2 dxc4 16. dxc4 e4 17. Nd4 Bc8 18. Kh2 a6 19. Rd2 c5 20. Nde2 Rxd2 21. Qxd2 Rd8 22. Qc2 Rd3 23. Bc1 Qd8 24. Bf1 Be6 25. Nd5 Nbxd5 26. cxd5 Rxd5 27. Nc3 Rd7 28. Rb1 b5 29. a3 h6 30. Qg2 Nd5 31. Nxd5 Bxd5 32. a4 Bc6 33. axb5 axb5 34. Rb2 Bf6 35. Rd2 Rxd2 36. Bxd2 Qd5 37. b4 c4 38. Be1 Qd1 39. Qg1 Kh8 40. Qf2 c3 41. Be2 c2 {[%emt 0:30:19] normal} 0-1

[Event "DVM U20 2019"]
[Site "Braunschweig"]
[Date "2019.12.29"]
[Round "6"]
[White "Celik, Cem"]
[Black "Genov, Valentin"]
[Result "1/2-1/2"]
[ECO "B22"]
[WhiteElo "1767"]
[BlackElo "1829"]
[Annotator "NA"]
[PlyCount "55"]
[EventDate "2019.12.27"]
[EventType "team-tourn"]
[EventRounds "7"]
[EventCountry "GER"]
[SourceTitle "playchess.com"]
[Source "ChessBase"]
[SourceQuality "1"]
[WhiteTeam "SF Essen-Katernberg"]
[BlackTeam "Hamburger SK"]
[TimeControl "40/5400+30:1800+30"]

1. e4 c5 2. c3 Nf6 3. e5 Nd5 4. d4 e6 5. Nf3 cxd4 6. cxd4 Nc6 7. Bc4 Nb6 8. Bd3 d6 9. O-O Be7 10. Nc3 O-O 11. Qe2 dxe5 12. dxe5 Nd7 13. Rd1 a6 14. Qe4 g6 15. Bc2 Qc7 16. Rxd7 Bxd7 17. Bh6 Rfd8 18. Re1 Be8 19. Bg5 Bxg5 20. Nxg5 Rd4 21. Qe3 Qe7 22. Nce4 Rxe4 23. Nxe4 Nxe5 24. Qd4 Nd7 25. Bb3 e5 26. Qc3 Kg7 {[%emt 0:01:58] normal} 27. f4 f6 28. fxe5 {[%emt 0:00:48] normal} 1/2-1/2

[Event "DVM U20 2019"]
[Site "Braunschweig"]
[Date "2019.12.29"]
[Round "6"]
[White "Doerp, Max Marian"]
[Black "Dornieden, Jonas"]
[Result "1/2-1/2"]
[ECO "A12"]
[WhiteElo "1767"]
[BlackElo "1912"]
[Annotator "NA"]
[PlyCount "77"]
[EventDate "2019.12.27"]
[EventType "team-tourn"]
[EventRounds "7"]
[EventCountry "GER"]
[SourceTitle "playchess.com"]
[Source "ChessBase"]
[SourceQuality "1"]
[WhiteTeam "Lübecker SV"]
[BlackTeam "SK Lehrte 1919"]
[TimeControl "40/5400+30:1800+30"]

1. Nf3 d5 2. c4 c6 3. b3 Nf6 4. Bb2 Bf5 5. d3 h6 6. g3 e6 7. Bg2 Bb4+ 8. Nbd2 O-O 9. O-O Nbd7 10. a3 Bd6 11. Re1 Bh7 12. e4 dxe4 13. Nxe4 Be7 14. b4 Nb6 15. Qb3 Nxe4 16. dxe4 c5 17. Rad1 Qc8 18. b5 Rd8 19. Rxd8+ Qxd8 20. Rd1 Qf8 21. e5 Rd8 22. Rxd8 Qxd8 23. Ne1 Qd2 24. Bc3 Qe2 25. Bf1 Qe4 26. a4 Qb1 27. Qxb1 Bxb1 28. a5 Nd7 29. Bd3 Bxd3 30. Nxd3 b6 31. a6 f6 32. Kg2 Kf7 33. f4 Bd8 34. Kf3 f5 35. g4 g6 36. Ne1 Be7 37. Ng2 Bd8 38. Ne1 Be7 39. Nc2 {[%emt 0:00:00] normal} 1/2-1/2

[Event "DVM U20 2019"]
[Site "Braunschweig"]
[Date "2019.12.29"]
[Round "6"]
[White "Kroschel, Anton"]
[Black "Heise, Tobias"]
[Result "1-0"]
[ECO "D37"]
[WhiteElo "1756"]
[BlackElo "1712"]
[Annotator "NA"]
[PlyCount "53"]
[EventDate "2019.12.27"]
[EventType "team-tourn"]
[EventRounds "7"]
[EventCountry "GER"]
[SourceTitle "playchess.com"]
[Source "ChessBase"]
[SourceQuality "1"]
[WhiteTeam "Lübecker SV"]
[BlackTeam "SK Lehrte 1919"]
[TimeControl "40/5400+30:1800+30"]

1. Nf3 Nf6 2. c4 e6 3. d4 d5 4. Nc3 Bd6 5. Bg5 c6 6. e3 Nbd7 7. Bd3 O-O 8. O-O Re8 9. e4 dxe4 10. Nxe4 Be7 11. Nxf6+ Bxf6 12. Bxf6 Qxf6 13. Qc2 h6 14. Rfe1 Rb8 15. Ne5 Nxe5 16. dxe5 Qg5 17. Re3 Qe7 18. Rg3 b6 19. Qe2 Bb7 20. Qg4 Qg5 21. Qe4 Qf5 22. Qe2 Qf4 23. Rg4 Qxg4 24. Qxg4 Red8 25. Qe2 Rd4 26. Rd1 Rbd8 27. Bc2 {[%emt 0:00:38] normal} 1-0

[Event "DVM U20 2019"]
[Site "Braunschweig"]
[Date "2019.12.29"]
[Round "6"]
[White "Grining, Maria"]
[Black "Hamkar, Mehran"]
[Result "0-1"]
[ECO "A48"]
[WhiteElo "1744"]
[BlackElo "1814"]
[Annotator "NA"]
[PlyCount "54"]
[EventDate "2019.12.27"]
[EventType "team-tourn"]
[EventRounds "7"]
[EventCountry "GER"]
[SourceTitle "playchess.com"]
[Source "ChessBase"]
[SourceQuality "1"]
[WhiteTeam "Karlsruher SF"]
[BlackTeam "SF Augsburg"]
[TimeControl "40/5400+30:1800+30"]

1. d4 Nf6 2. Nf3 g6 3. c4 Bg7 4. Nc3 O-O 5. e4 d6 6. h3 e5 7. Be3 Nc6 8. dxe5 dxe5 9. Be2 Nh5 10. Qxd8 Rxd8 11. Nd5 Nf4 12. Rd1 Nxg2+ 13. Kf1 Nxe3+ 14. fxe3 Be6 15. b3 Rd7 16. Kf2 h6 17. Nd2 Rad8 18. Nb1 Kf8 19. Nbc3 a6 20. Na4 b6 21. Nac3 Ke8 22. Bg4 Ne7 23. Bxe6 fxe6 24. Nxe7 Kxe7 25. Rxd7+ Rxd7 26. Rd1 Rxd1 27. Nxd1 Kf6 {[%emt 0:03:26] normal} 0-1